Blackhawks vs Maroons

Created - 15 avril 2020 at 17:04

Goals
1 2 3 T
Blackhawks 1 1 1 3
Maroons 0 1 0 1
Shots
1 2 3 T
Blackhawks 9 15 11 35
Maroons 11 7 8 26

1st period

1. Blackhawks , Eric Staal 27 (Zach Parise 48, Cam Atkinson 32) at 10:42

Penalties :
No Penalty

2nd period

2. Maroons , Bo Horvat 39 (Brendan Gallagher 34) at 0:08
3. Blackhawks , Andy Greene 2 (Brett Connolly 12) at 17:37 (PP)

Penalties :
Brandon Davidson (CHI) for Hooking (Minor) at 9:37, Yanni Gourde (CHI) for Hooking (Minor) at 13:36, Esa Lindell (MON) for Holding (Minor) at 16:55

3rd period

4. Blackhawks , Andrew Shaw 20 (Yanni Gourde 14, Vladislav Namestnikov 16) at 7:28

Penalties :
Charlie Coyle (MON) for Hooking (Minor) at 11:04, Andrew Shaw (CHI) for Holding (Minor) at 13:27

Goalie Stats

Frederik Andersen (CHI), 25 saves from 26 shots - (0,962), W, 27-27-5, 60:00 minutes
Cam Ward (MON), 32 saves from 35 shots - (0,914), L, 8-6-0, 60:00 minutes

Players Stats for Blackhawks

Player Name              G  A  P  +/- PIM S  H  SB GA TA FO     MP     PP MP  PK MP  
------------------------------------------------------------------------------------
Alex Steen               0  0  0   0  0   0  1  1  0  0  3/7     9:41   0:00   2:53 
Andrew Shaw              1  0  1   1  2   6  1  0  0  0  1/1    12:33   0:00   1:19 
Andy Greene              1  0  1  -1  0   6  0  1  0  1  0/0    21:53   1:49   2:32 
Brandon Davidson         0  0  0   1  2   1  2  1  0  0  0/0    16:55   0:52   0:00 
Braydon Coburn           0  0  0   1  0   1  0  0  0  0  0/0    20:30   0:00   2:17 
Brett Connolly           0  1  1   0  0   2  4  0  0  1  0/0    17:15   1:08   1:35 
Brock McGinn             0  0  0   0  0   0  0  0  1  0  0/0     8:13   0:00   1:29 
Cam Atkinson             0  1  1   0  0   5  1  0  1  0  0/1    19:59   1:33   0:00 
Carl Hagelin             0  0  0   0  0   0  1  0  0  0  0/0     6:44   0:00   0:00 
Derek Forbort            0  0  0   1  0   0  1  0  0  0  0/0    19:09   0:52   3:40 
Eric Staal               1  0  1   0  0   3  2  0  0  1  16/29  20:42   1:33   0:42 
Gavin Bayreuther         0  0  0   1  0   1  1  0  0  1  0/0    17:46   1:49   0:00 
Mikael Backlund          0  0  0   0  0   3  2  2  0  1  4/10   16:04   1:08   0:00 
Niklas Hjalmarsson       0  0  0  -1  0   0  2  0  0  1  0/0    23:50   0:00   3:25 
Tyler Bertuzzi           0  0  0   0  0   3  1  0  0  0  0/0    16:04   1:08   0:00 
Vladislav Namestnikov    0  1  1   1  0   2  0  1  0  0  0/0    14:04   0:00   2:53 
Yanni Gourde             0  1  1   1  2   1  2  1  0  0  4/6    12:34   0:00   1:03 
Zach Parise              0  1  1   0  0   1  2  1  0  1  1/1    20:04   1:33   0:00 

Players Stats for Maroons

Player Name              G  A  P  +/- PIM S  H  SB GA TA FO     MP     PP MP  PK MP  
------------------------------------------------------------------------------------
Alexander Kerfoot        0  0  0  -1  0   3  0  0  1  0  0/0    14:11   0:00   0:25 
Bo Horvat                1  0  1   0  0   5  1  3  1  0  12/25  26:04   2:58   1:45 
Brendan Gallagher        0  1  1   0  0   6  0  0  1  0  0/1    20:05   2:58   0:31 
Brenden Dillon           0  0  0   0  0   1  1  1  0  0  0/0    21:10   3:22   1:14 
Bryan Rust               0  0  0   0  0   0  1  0  3  0  1/1    17:16   2:59   0:00 
Cal Clutterbuck          0  0  0  -1  0   0  2  0  0  2  0/0    14:04   0:00   0:00 
Carl Gunnarsson          0  0  0   0  0   0  0  1  0  0  0/0    12:26   0:00   0:00 
Charlie Coyle            0  0  0   0  2   1  1  0  0  0  0/0    17:27   2:59   0:00 
Esa Lindell              0  0  0  -1  2   1  2  1  1  0  0/0    25:55   2:35   0:59 
Frederik Gauthier        0  0  0   0  0   0  0  0  0  0  0/1     2:21   0:00   0:00 
Jay Beagle               0  0  0   0  0   2  0  0  0  0  1/5     6:25   0:00   0:00 
Matthew Tkachuk          0  0  0   0  0   1  1  0  0  0  1/2    20:56   2:58   1:45 
Nick Ritchie             0  0  0   0  0   1  1  0  0  0  0/0     6:25   0:00   0:00 
Nick Schmaltz            0  0  0  -1  0   1  0  0  0  0  2/2    14:12   0:00   0:25 
Noah Juulsen             0  0  0   0  0   0  0  0  0  0  0/0    21:10   3:22   1:14 
Pierre-Luc Dubois        0  0  0   0  0   3  0  0  0  0  9/18   17:52   2:59   0:31 
Rasmus Sandin            0  0  0   0  0   0  0  0  0  0  0/0    12:54   0:00   0:28 
Ryan McDonagh            0  0  0  -1  0   1  3  0  0  0  0/0    26:24   2:35   1:27 

3 Stars

1 - Frederik Andersen (CHI)
2 - Eric Staal (CHI)
3 - Brett Connolly (CHI)

Power Play

Blackhawks - 1 on 2 Attempt(s) - 50,00%
Maroons - 0 on 3 Attempt(s) - 0,00%

Penalty Kill

Blackhawks - 3 on 3 Attempt(s) - 100,00% - Score 0 goal in Penalty Kill
Maroons - 1 on 2 Attempt(s) - 50,00% - Score 0 goal in Penalty Kill

Team Stat

Blackhawks - Hits : 23 - Faceoff Wins : 29 - Blocked Shots : 8 - Penalty Minutes : 6
Maroons - Hits : 13 - Faceoff Wins : 26 - Blocked Shots : 6 - Penalty Minutes : 4

Official

Referees : Brad Watson and Kendrick Nicholson
Linesman : Brad Lazarowich and Thor Nelson

Game Notes

17:37 of 2nd period - Blackhawks goal is going for a video replay. After video review, Goal.

Finance

Level 1 -- Attendance: 5062 (84,37%) -- Ticket Income 506 200 $
Level 2 -- Attendance: 5000 (100,00%) -- Ticket Income 300 000 $
Level 3 -- Attendance: 1791 (89,55%) -- Ticket Income 62 685 $
Level 4 -- Attendance: 4000 (100,00%) -- Ticket Income 80 000 $
Luxury Box -- Attendance: 754 (75,40%) -- Ticket Income 150 800 $
Game was played at the Arena de Verdun.
Total Attendance: 16607 (92,26%)
Total Ticket Income: 1 099 685 $
Other Income: 538 846 $
Total Income: 1 638 531 $

Blackhawks

5 vs 5 Forward 
   Center                   Left Wing                Right Wing               Time % Phy DF OF 
 1 Eric Staal               Zach Parise              Cam Atkinson             40     1   2  2  
 2 Mikael Backlund          Tyler Bertuzzi           Brett Connolly           30     1   2  2  
 3 Yanni Gourde             Vladislav Namestnikov    Andrew Shaw              20     1   2  2  
 4 Alex Steen               Brock McGinn             Carl Hagelin             10     1   2  2  

5 vs 5 Defense 
   Defense                  Defense                                           Time % Phy DF OF 
 1 Niklas Hjalmarsson       Andy Greene                                       35     1   2  2  
 2 Derek Forbort            Braydon Coburn                                    30     1   2  2  
 3 Brandon Davidson         Gavin Bayreuther                                  25     1   2  2  
 4 Braydon Coburn           Niklas Hjalmarsson                                10     1   2  2  

PowerPlay Forward 
   Center                   Left Wing                Right Wing               Time % Phy DF OF 
 1 Eric Staal               Zach Parise              Cam Atkinson             60     1   2  2  
 2 Mikael Backlund          Tyler Bertuzzi           Brett Connolly           40     1   2  2  

PowerPlay Defense
   Defense                  Defense                                           Time % Phy DF OF 
 1 Andy Greene              Gavin Bayreuther                                  60     1   2  2  
 2 Derek Forbort            Brandon Davidson                                  40     1   2  2  

Penalty Kill 4 Players Forward 
   Center                   Wing                     Time % Phy DF OF 
 1 Alex Steen               Vladislav Namestnikov    60     1   2  2  
 2 Andrew Shaw              Brock McGinn             40     1   2  2  

Penalty Kill 4 Players Defense
   Defense                  Defense                  Time % Phy DF OF 
 1 Niklas Hjalmarsson       Derek Forbort            60     1   2  2  
 2 Derek Forbort            Andy Greene              40     1   2  2  

Penalty Kill - 3 Players Forward 
   Forward                                           Time % Phy DF OF 
 1 Alex Steen                                        60     1   2  2  
 2 Vladislav Namestnikov                             40     1   2  2  

Penalty Kill - 3 Players Defense
   Defense                  Defense                  Time % Phy DF OF 
 1 Derek Forbort            Niklas Hjalmarsson       60     1   2  2  
 2 Brandon Davidson         Andy Greene              40     1   2  2  

4 vs 4 Forward 
   Center                   Wing                     Time % Phy DF OF 
 1 Eric Staal               Cam Atkinson             60     1   2  2  
 2 Mikael Backlund          Zach Parise              40     1   2  2  

4 vs 4 Defense
   Defense                  Defense                  Time % Phy DF OF 
 1 Gavin Bayreuther         Niklas Hjalmarsson       60     1   2  2  
 2 Andy Greene              Brandon Davidson         40     1   2  2  

Last Minutes Offensive
   Center                   Left Wing                Right Wing               Defense                  Defense                  
   Eric Staal               Zach Parise              Cam Atkinson             Gavin Bayreuther         Derek Forbort            

Last Minutes Defensive
   Center                   Left Wing                Right Wing               Defense                  Defense                  
   Alex Steen               Vladislav Namestnikov    Brock McGinn             Andy Greene              Niklas Hjalmarsson       

Goaltenders
Starting : Frederik Andersen        
Backup : David Rittich            

Extra Forwards
Normal : Zach Parise, Tyler Bertuzzi, Yanni Gourde - PP : Yanni Gourde, Carl Hagelin - PK : Yanni Gourde
Extra Defensemen
Normal : Niklas Hjalmarsson, Gavin Bayreuther, Derek Forbort - PP : Gavin Bayreuther - PK : Braydon Coburn, Derek Forbort
Penalty Shots
Eric Staal, Mikael Backlund, Alex Steen, Andrew Shaw, Vladislav Namestnikov
Custom OT Lines Forwards
Eric Staal, Zach Parise, Cam Atkinson, Mikael Backlund, Vladislav Namestnikov, Tyler Bertuzzi, Yanni Gourde, Brett Connolly, Andrew Shaw, Carl Hagelin
Custom OT Lines Defensemen
Niklas Hjalmarsson, Derek Forbort, Andy Greene, Brandon Davidson, Gavin Bayreuther

Scratches
Luke Kunin (Healthy), Markus Nutivaara (Healthy)

Maroons

5 vs 5 Forward 
   Center                   Left Wing                Right Wing               Time % Phy DF OF 
 1 Bo Horvat                Matthew Tkachuk          Brendan Gallagher        40     1   2  2  
 2 Pierre-Luc Dubois        Bryan Rust               Charlie Coyle            30     1   2  2  
 3 Nick Schmaltz            Cal Clutterbuck          Alexander Kerfoot        20     1   2  2  
 4 Jay Beagle               Nick Ritchie             Bo Horvat                10     1   2  2  

5 vs 5 Defense 
   Defense                  Defense                                           Time % Phy DF OF 
 1 Esa Lindell              Ryan McDonagh                                     40     1   2  2  
 2 Brenden Dillon           Noah Juulsen                                      30     1   2  2  
 3 Carl Gunnarsson          Rasmus Sandin                                     20     1   2  2  
 4 Esa Lindell              Ryan McDonagh                                     10     1   2  2  

PowerPlay Forward 
   Center                   Left Wing                Right Wing               Time % Phy DF OF 
 1 Bo Horvat                Matthew Tkachuk          Brendan Gallagher        60     1   2  2  
 2 Pierre-Luc Dubois        Bryan Rust               Charlie Coyle            40     1   2  2  

PowerPlay Defense
   Defense                  Defense                                           Time % Phy DF OF 
 1 Esa Lindell              Ryan McDonagh                                     60     1   2  2  
 2 Brenden Dillon           Noah Juulsen                                      40     1   2  2  

Penalty Kill 4 Players Forward 
   Center                   Wing                     Time % Phy DF OF 
 1 Bo Horvat                Matthew Tkachuk          60     1   2  2  
 2 Brendan Gallagher        Pierre-Luc Dubois        40     1   2  2  

Penalty Kill 4 Players Defense
   Defense                  Defense                  Time % Phy DF OF 
 1 Esa Lindell              Ryan McDonagh            60     1   2  2  
 2 Brenden Dillon           Noah Juulsen             40     1   2  2  

Penalty Kill - 3 Players Forward 
   Forward                                           Time % Phy DF OF 
 1 Bo Horvat                                         60     1   2  2  
 2 Matthew Tkachuk                                   40     1   2  2  

Penalty Kill - 3 Players Defense
   Defense                  Defense                  Time % Phy DF OF 
 1 Esa Lindell              Ryan McDonagh            60     1   2  2  
 2 Brenden Dillon           Noah Juulsen             40     1   2  2  

4 vs 4 Forward 
   Center                   Wing                     Time % Phy DF OF 
 1 Bo Horvat                Matthew Tkachuk          60     1   2  2  
 2 Brendan Gallagher        Pierre-Luc Dubois        40     1   2  2  

4 vs 4 Defense
   Defense                  Defense                  Time % Phy DF OF 
 1 Esa Lindell              Ryan McDonagh            60     1   2  2  
 2 Brenden Dillon           Noah Juulsen             40     1   2  2  

Last Minutes Offensive
   Center                   Left Wing                Right Wing               Defense                  Defense                  
   Bo Horvat                Matthew Tkachuk          Brendan Gallagher        Esa Lindell              Ryan McDonagh            

Last Minutes Defensive
   Center                   Left Wing                Right Wing               Defense                  Defense                  
   Bo Horvat                Matthew Tkachuk          Brendan Gallagher        Esa Lindell              Ryan McDonagh            

Goaltenders
Starting : Cam Ward                 
Backup : John Gibson              

Extra Forwards
Normal : Frederik Gauthier, Cal Clutterbuck, Nick Schmaltz - PP : Frederik Gauthier, Cal Clutterbuck - PK : Nick Schmaltz
Extra Defensemen
Normal : Carl Gunnarsson, Rasmus Sandin, Brenden Dillon - PP : Carl Gunnarsson - PK : Rasmus Sandin, Brenden Dillon
Penalty Shots
Bo Horvat, Matthew Tkachuk, Brendan Gallagher, Pierre-Luc Dubois, Bryan Rust
Custom OT Lines Forwards
Bo Horvat, Matthew Tkachuk, Brendan Gallagher, Pierre-Luc Dubois, Bryan Rust, Charlie Coyle, Cal Clutterbuck, Nick Schmaltz, Alexander Kerfoot, Nick Ritchie
Custom OT Lines Defensemen
Esa Lindell, Ryan McDonagh, Brenden Dillon, Noah Juulsen, Carl Gunnarsson

Scratches
Jacob Trouba (Exhaustion), Pontus Aberg (Healthy), Buddy Robinson (Healthy), Dylan McIlrath (Healthy), Tobias Rieder (Healthy)

% Time on Ice - Blackhawks

Lines # - Real PCT - Wanted PCT - Time Play
Normal Forward
1 - 36% - 40% - 18:35
2 - 29% - 30% - 14:56
3 - 22% - 20% - 11:07
4 - 13% - 10% - 6:44
Normal Defense
1 - 33% - 35% - 17:10
2 - 28% - 30% - 14:18
3 - 31% - 25% - 15:57
4 - 8% - 10% - 3:57
PP Forward
1 - 58% - 60% - 1:33
2 - 42% - 40% - 1:08
PP Defense
1 - 68% - 60% - 1:49
2 - 32% - 40% - 0:52
PK Forward
1 - 75% - 60% - 4:28
2 - 25% - 40% - 1:29
PK Defense
1 - 63% - 60% - 3:46
2 - 37% - 40% - 2:11
PK3 Forward
1 - 0% - 60%
2 - 0% - 40%
PK3 Defense
1 - 0% - 60%
2 - 0% - 40%
44 Forward
1 - 0% - 60%
2 - 0% - 40%
44 Defense
1 - 0% - 60%
2 - 0% - 40%
Last Minute Offensive  - 0:00
Last Minute Defensive  - 0:00
Total
Forward - 60:00
Defense - 60:00

% Time on Ice - Maroons

Lines # - Real PCT - Wanted PCT - Time Play
Normal Forward
1 - 32% - 40% - 16:27
2 - 30% - 30% - 15:23
3 - 26% - 20% - 13:07
4 - 12% - 10% - 6:25
Normal Defense
1 - 38% - 40% - 19:42
2 - 32% - 30% - 16:34
3 - 24% - 20% - 12:26
4 - 5% - 10% - 2:40
PP Forward
1 - 50% - 60% - 2:58
2 - 50% - 40% - 2:59
PP Defense
1 - 43% - 60% - 2:35
2 - 57% - 40% - 3:22
PK Forward
1 - 81% - 60% - 2:10
2 - 19% - 40% - 0:31
PK Defense
1 - 54% - 60% - 1:27
2 - 46% - 40% - 1:14
PK3 Forward
1 - 0% - 60%
2 - 0% - 40%
PK3 Defense
1 - 0% - 60%
2 - 0% - 40%
44 Forward
1 - 0% - 60%
2 - 0% - 40%
44 Defense
1 - 0% - 60%
2 - 0% - 40%
Last Minute Offensive  - 0:00
Last Minute Defensive  - 0:00
Total
Forward - 60:00
Defense - 60:00

Play-by-Play

1st period


0:01 of 1st period - Bo Horvat wins face-off versus Eric Staal in neutral zone.
0:35 of 1st period - Snap shot by Pierre-Luc Dubois.
0:35 of 1st period - Shot Misses the Net.
0:46 of 1st period - Off-side.
0:47 of 1st period - Nick Schmaltz wins face-off versus Alex Steen in neutral zone.
1:15 of 1st period - Snap shot by Bo Horvat.
1:15 of 1st period - Deflect By Derek Forbort.
1:15 of 1st period - Stopped by Frederik Andersen with a rebound.
1:17 of 1st period - Snap shot by Jay Beagle.
1:17 of 1st period - Stopped by Frederik Andersen without a rebound.
1:18 of 1st period - Andrew Shaw wins face-off versus Jay Beagle in Blackhawks zone.
1:23 of 1st period - Nick Ritchie is hit by Andrew Shaw.
2:11 of 1st period - Snap shot by Tyler Bertuzzi.
2:11 of 1st period - Stopped by Cam Ward with a rebound.
3:03 of 1st period - Off-side.
3:04 of 1st period - Alex Steen wins face-off versus Jay Beagle in neutral zone.
3:07 of 1st period - Slapshot by Brock McGinn.
3:07 of 1st period - Shot Misses the Net.
4:21 of 1st period - Wrist shot by Tyler Bertuzzi.
4:21 of 1st period - Stopped by Cam Ward with a rebound.
4:37 of 1st period - Snap shot by Charlie Coyle.
4:37 of 1st period - Shot Blocked by Mikael Backlund.
5:09 of 1st period - Snap shot by Mikael Backlund.
5:09 of 1st period - Stopped by Cam Ward without a rebound.
5:10 of 1st period - Pierre-Luc Dubois wins face-off versus Eric Staal in Maroons zone.
5:35 of 1st period - Ryan McDonagh is hit by Eric Staal and loses puck.
8:07 of 1st period - Niklas Hjalmarsson is hit by Cal Clutterbuck.
8:15 of 1st period - Slapshot by Alexander Kerfoot.
8:15 of 1st period - Stopped by Frederik Andersen without a rebound.
8:16 of 1st period - Eric Staal wins face-off versus Bo Horvat in Blackhawks zone.
9:09 of 1st period - Wrist shot by Pierre-Luc Dubois.
9:09 of 1st period - Stopped by Frederik Andersen with a rebound.
9:11 of 1st period - Slapshot by Esa Lindell.
9:11 of 1st period - Shot Misses the Net.
9:27 of 1st period - Esa Lindell is hit by Brett Connolly and loses puck.
9:34 of 1st period - Brett Connolly is hit by Ryan McDonagh and loses puck.
9:49 of 1st period - Brenden Dillon is hit by Zach Parise and loses puck.
10:34 of 1st period - Wrist shot by Alexander Kerfoot.
10:34 of 1st period - Stopped by Frederik Andersen without a rebound.
10:35 of 1st period - Bo Horvat wins face-off versus Eric Staal in Blackhawks zone.
10:42 of 1st period - Slapshot by Eric Staal.
10:42 of 1st period - Goal by Eric Staal - Blackhawks : 1 - Maroons : 0.
10:43 of 1st period - Eric Staal wins face-off versus Bo Horvat in neutral zone.
10:46 of 1st period - Esa Lindell is hit by Zach Parise and loses puck.
10:55 of 1st period - Snap shot by Brendan Gallagher.
10:55 of 1st period - Stopped by Frederik Andersen with a rebound.
11:19 of 1st period - Slapshot by Pierre-Luc Dubois.
11:19 of 1st period - Shot Misses the Net.
11:51 of 1st period - Icing by Niklas Hjalmarsson.
11:52 of 1st period - Yanni Gourde wins face-off versus Bo Horvat in Blackhawks zone.
12:41 of 1st period - Wrist shot by Vladislav Namestnikov.
12:41 of 1st period - Stopped by Cam Ward with a rebound.
12:44 of 1st period - Icing by Esa Lindell.
12:45 of 1st period - Nick Schmaltz wins face-off versus Yanni Gourde in Maroons zone.
12:45 of 1st period - Nick Schmaltz is hit by Yanni Gourde.
13:07 of 1st period - Snap shot by Nick Schmaltz.
13:07 of 1st period - Stopped by Frederik Andersen without a rebound.
13:08 of 1st period - Eric Staal wins face-off versus Bo Horvat in Blackhawks zone.
13:45 of 1st period - Snap shot by Pierre-Luc Dubois.
13:45 of 1st period - Shot Blocked by Mikael Backlund.
14:53 of 1st period - Snap shot by Nick Ritchie.
14:53 of 1st period - Shot Misses the Net.
14:57 of 1st period - Wrist shot by Jay Beagle.
14:57 of 1st period - Shot Blocked by Zach Parise.
15:35 of 1st period - Slapshot by Nick Ritchie.
15:35 of 1st period - Stopped by Frederik Andersen with a rebound.
15:47 of 1st period - Snap shot by Bo Horvat.
15:47 of 1st period - Shot Blocked by Brandon Davidson.
16:19 of 1st period - Slapshot by Bo Horvat.
16:19 of 1st period - Stopped by Frederik Andersen with a rebound.
16:21 of 1st period - Snap shot by Jay Beagle.
16:21 of 1st period - Stopped by Frederik Andersen without a rebound.
16:22 of 1st period - Mikael Backlund wins face-off versus Pierre-Luc Dubois in Blackhawks zone.
16:22 of 1st period - Mikael Backlund is hit by Esa Lindell.
17:20 of 1st period - Cal Clutterbuck is hit by Carl Hagelin.
17:47 of 1st period - Icing by Matthew Tkachuk.
17:48 of 1st period - Mikael Backlund wins face-off versus Frederik Gauthier in Maroons zone.
18:13 of 1st period - Esa Lindell is hit by Brett Connolly and loses puck.
18:22 of 1st period - Wrist shot by Matthew Tkachuk.
18:22 of 1st period - Stopped by Frederik Andersen with a rebound.
18:40 of 1st period - Wrist shot by Tyler Bertuzzi.
18:40 of 1st period - Shot Misses the Net.
18:42 of 1st period - Slapshot by Andy Greene.
18:42 of 1st period - Stopped by Cam Ward with a rebound.
18:44 of 1st period - Snap shot by Mikael Backlund.
18:44 of 1st period - Shot Misses the Net.
18:46 of 1st period - Slapshot by Andy Greene.
18:46 of 1st period - Stopped by Cam Ward with a rebound.
18:48 of 1st period - Snap shot by Mikael Backlund.
18:48 of 1st period - Stopped by Cam Ward with a rebound.
18:50 of 1st period - Wrist shot by Brett Connolly.
18:50 of 1st period - Stopped by Cam Ward without a rebound.
18:51 of 1st period - Yanni Gourde wins face-off versus Pierre-Luc Dubois in Maroons zone.
19:41 of 1st period - Gavin Bayreuther is hit by Bo Horvat and loses puck.
19:52 of 1st period - Snap shot by Vladislav Namestnikov.
19:52 of 1st period - Shot Misses the Net.
Goals for this period are 1 for Blackhawks vs 0 for Maroons.
Shots for this period are 9 for Blackhawks vs 11 for Maroons.

2nd period


0:01 of 2nd period - Bo Horvat wins face-off versus Eric Staal in neutral zone.
0:06 of 2nd period - Snap shot by Bo Horvat.
0:06 of 2nd period - Shot Misses the Net.
0:08 of 2nd period - Snap shot by Bo Horvat.
0:08 of 2nd period - Goal by Bo Horvat - Blackhawks : 1 - Maroons : 1.
0:09 of 2nd period - Eric Staal wins face-off versus Bo Horvat in neutral zone.
0:16 of 2nd period - Wrist shot by Cam Atkinson.
0:16 of 2nd period - Shot Hit the Post.
0:18 of 2nd period - Snap shot by Zach Parise.
0:18 of 2nd period - Shot Blocked by Bo Horvat.
0:20 of 2nd period - Snap shot by Andy Greene.
0:20 of 2nd period - Deflect By Brendan Gallagher.
0:20 of 2nd period - Stopped by Cam Ward with a rebound.
0:22 of 2nd period - Slapshot by Andy Greene.
0:22 of 2nd period - Stopped by Cam Ward with a rebound.
0:24 of 2nd period - Snap shot by Andy Greene.
0:24 of 2nd period - Deflect By Esa Lindell.
0:24 of 2nd period - Stopped by Cam Ward without a rebound.
0:25 of 2nd period - Mikael Backlund wins face-off versus Pierre-Luc Dubois in Maroons zone.
0:26 of 2nd period - Slapshot by Tyler Bertuzzi.
0:26 of 2nd period - Stopped by Cam Ward with a rebound.
1:47 of 2nd period - Noah Juulsen is hit by Brett Connolly and loses puck.
2:20 of 2nd period - Slapshot by Charlie Coyle.
2:20 of 2nd period - Stopped by Frederik Andersen with a rebound.
2:36 of 2nd period - Slapshot by Mikael Backlund.
2:36 of 2nd period - Shot Misses the Net.
2:38 of 2nd period - Snap shot by Derek Forbort.
2:38 of 2nd period - Deflect By Zach Parise.
2:38 of 2nd period - Shot Blocked by Brenden Dillon.
2:38 of 2nd period - Puck is out of play.
2:39 of 2nd period - Eric Staal wins face-off versus Bo Horvat in Maroons zone.
2:40 of 2nd period - Snap shot by Zach Parise.
2:40 of 2nd period - Shot Misses the Net.
2:42 of 2nd period - Slapshot by Niklas Hjalmarsson.
2:42 of 2nd period - Shot Blocked by Bo Horvat.
3:04 of 2nd period - Wrist shot by Yanni Gourde.
3:04 of 2nd period - Stopped by Cam Ward with a rebound.
3:30 of 2nd period - Snap shot by Carl Hagelin.
3:30 of 2nd period - Shot Misses the Net.
3:59 of 2nd period - Bryan Rust is hit by Mikael Backlund and loses puck.
4:14 of 2nd period - Snap shot by Bo Horvat.
4:14 of 2nd period - Deflect By Andrew Shaw.
4:14 of 2nd period - Shot Blocked by Vladislav Namestnikov.
4:14 of 2nd period - Puck is out of play.
4:15 of 2nd period - Jay Beagle wins face-off versus Yanni Gourde in Blackhawks zone.
4:22 of 2nd period - Wrist shot by Vladislav Namestnikov.
4:22 of 2nd period - Shot Misses the Net.
4:24 of 2nd period - Snap shot by Vladislav Namestnikov.
4:24 of 2nd period - Stopped by Cam Ward with a rebound.
4:30 of 2nd period - Snap shot by Vladislav Namestnikov.
4:30 of 2nd period - Deflect By Yanni Gourde.
4:30 of 2nd period - Shot Misses the Net.
4:30 of 2nd period - Puck is out of play.
4:31 of 2nd period - Eric Staal wins face-off versus Pierre-Luc Dubois in Maroons zone.
4:32 of 2nd period - Snap shot by Cam Atkinson.
4:32 of 2nd period - Stopped by Cam Ward with a rebound.
5:21 of 2nd period - Brenden Dillon is hit by Brandon Davidson and loses puck.
5:44 of 2nd period - Wrist shot by Zach Parise.
5:44 of 2nd period - Deflect By Eric Staal.
5:44 of 2nd period - Stopped by Cam Ward with a rebound.
6:36 of 2nd period - Snap shot by Vladislav Namestnikov.
6:36 of 2nd period - Deflect By Andrew Shaw.
6:36 of 2nd period - Stopped by Cam Ward with a rebound.
6:50 of 2nd period - Slapshot by Charlie Coyle.
6:50 of 2nd period - Shot Misses the Net.
7:06 of 2nd period - Andy Greene is hit by Nick Ritchie and loses puck.
7:46 of 2nd period - Cal Clutterbuck is hit by Brandon Davidson.
7:58 of 2nd period - Snap shot by Alexander Kerfoot.
7:58 of 2nd period - Stopped by Frederik Andersen without a rebound.
7:59 of 2nd period - Eric Staal wins face-off versus Bo Horvat in Blackhawks zone.
8:06 of 2nd period - Wrist shot by Cam Atkinson.
8:06 of 2nd period - Shot Misses the Net.
8:08 of 2nd period - Slapshot by Cam Atkinson.
8:08 of 2nd period - Stopped by Cam Ward without a rebound.
8:09 of 2nd period - Eric Staal wins face-off versus Bo Horvat in Maroons zone.
8:52 of 2nd period - Snap shot by Zach Parise.
8:52 of 2nd period - Shot Blocked by Bo Horvat.
9:21 of 2nd period - Snap shot by Eric Staal.
9:21 of 2nd period - Deflect By Cam Atkinson.
9:21 of 2nd period - Stopped by Cam Ward without a rebound.
9:22 of 2nd period - Pierre-Luc Dubois wins face-off versus Mikael Backlund in Maroons zone.
9:22 of 2nd period - Pierre-Luc Dubois is hit by Mikael Backlund.
9:37 of 2nd period - Minor Penalty to Brandon Davidson for Hooking.
9:38 of 2nd period - Pierre-Luc Dubois wins face-off versus Alex Steen in Blackhawks zone.
9:38 of 2nd period - Snap shot by Charlie Coyle.
9:38 of 2nd period - Deflect By Pierre-Luc Dubois.
9:38 of 2nd period - Stopped by Frederik Andersen without a rebound.
9:39 of 2nd period - Pierre-Luc Dubois wins face-off versus Alex Steen in Blackhawks zone.
9:40 of 2nd period - Snap shot by Charlie Coyle.
9:40 of 2nd period - Shot Misses the Net.
10:32 of 2nd period - Bo Horvat is hit by Alex Steen and loses puck.
10:47 of 2nd period - Pierre-Luc Dubois is hit by Brett Connolly and loses puck.
11:37 of 2nd period - Penalty to Brandon Davidson is over, Brandon Davidson is back on ice.
11:56 of 2nd period - Snap shot by Zach Parise.
11:56 of 2nd period - Shot Misses the Net.
11:58 of 2nd period - Snap shot by Brandon Davidson.
11:58 of 2nd period - Deflect By Nick Schmaltz.
11:58 of 2nd period - Stopped by Cam Ward without a rebound.
11:59 of 2nd period - Eric Staal wins face-off versus Jay Beagle in Maroons zone.
12:22 of 2nd period - Vladislav Namestnikov is hit by Cal Clutterbuck and loses puck.
12:40 of 2nd period - Icing by Vladislav Namestnikov.
12:41 of 2nd period - Pierre-Luc Dubois wins face-off versus Mikael Backlund in Blackhawks zone.
13:18 of 2nd period - Andy Greene is hit by Esa Lindell and loses puck.
13:36 of 2nd period - Minor Penalty to Yanni Gourde for Hooking.
13:37 of 2nd period - Alex Steen wins face-off versus Bo Horvat in Blackhawks zone.
13:51 of 2nd period - Snap shot by Bo Horvat.
13:51 of 2nd period - Shot Misses the Net.
13:53 of 2nd period - Snap shot by Bo Horvat.
13:53 of 2nd period - Shot Blocked by Alex Steen.
14:15 of 2nd period - Brock McGinn is hit by Brenden Dillon and loses puck.
15:36 of 2nd period - Penalty to Yanni Gourde is over, Yanni Gourde is back on ice.
16:26 of 2nd period - Snap shot by Andrew Shaw.
16:26 of 2nd period - Stopped by Cam Ward without a rebound.
16:27 of 2nd period - Yanni Gourde wins face-off versus Bo Horvat in Maroons zone.
16:28 of 2nd period - Snap shot by Andrew Shaw.
16:28 of 2nd period - Stopped by Cam Ward with a rebound.
16:55 of 2nd period - Minor Penalty to Esa Lindell for Holding.
16:56 of 2nd period - Bo Horvat wins face-off versus Eric Staal in Maroons zone.
17:10 of 2nd period - Rasmus Sandin is hit by Eric Staal and loses puck.
17:35 of 2nd period - Slapshot by Brett Connolly.
17:35 of 2nd period - Shot Misses the Net.
17:37 of 2nd period - Slapshot by Andy Greene.
17:37 of 2nd period - Blackhawks goal is going for a video replay.
17:37 of 2nd period - The goal is good.
17:37 of 2nd period - Goal by Andy Greene - Blackhawks : 2 - Maroons : 1.
17:38 of 2nd period - Eric Staal wins face-off versus Bo Horvat in neutral zone.
17:49 of 2nd period - Slapshot by Bo Horvat.
17:49 of 2nd period - Stopped by Frederik Andersen with a rebound.
17:51 of 2nd period - Slapshot by Ryan McDonagh.
17:51 of 2nd period - Stopped by Frederik Andersen without a rebound.
17:52 of 2nd period - Bo Horvat wins face-off versus Mikael Backlund in Blackhawks zone.
18:30 of 2nd period - Snap shot by Brendan Gallagher.
18:30 of 2nd period - Stopped by Frederik Andersen without a rebound.
18:31 of 2nd period - Eric Staal wins face-off versus Pierre-Luc Dubois in Blackhawks zone.
18:31 of 2nd period - Eric Staal is hit by Bryan Rust.
19:09 of 2nd period - Icing by Gavin Bayreuther.
19:10 of 2nd period - Bo Horvat wins face-off versus Mikael Backlund in Blackhawks zone.
19:59 of 2nd period - Snap shot by Mikael Backlund.
19:59 of 2nd period - Shot Hit the Post.
Goals for this period are 1 for Blackhawks vs 1 for Maroons.
Shots for this period are 15 for Blackhawks vs 7 for Maroons.

3rd period


0:01 of 3rd period - Bo Horvat wins face-off versus Eric Staal in neutral zone.
0:46 of 3rd period - Wrist shot by Bo Horvat.
0:46 of 3rd period - Shot Misses the Net.
0:48 of 3rd period - Slapshot by Brenden Dillon.
0:48 of 3rd period - Shot Blocked by Yanni Gourde.
0:50 of 3rd period - Slapshot by Brendan Gallagher.
0:50 of 3rd period - Stopped by Frederik Andersen with a rebound.
0:54 of 3rd period - Wrist shot by Bo Horvat.
0:54 of 3rd period - Stopped by Frederik Andersen without a rebound.
0:55 of 3rd period - Pierre-Luc Dubois wins face-off versus Eric Staal in Blackhawks zone.
1:28 of 3rd period - Off-side.
1:29 of 3rd period - Eric Staal wins face-off versus Pierre-Luc Dubois in neutral zone.
1:32 of 3rd period - Ryan McDonagh is hit by Niklas Hjalmarsson and loses puck.
1:45 of 3rd period - Cam Atkinson is hit by Ryan McDonagh and loses puck.
2:30 of 3rd period - Snap shot by Andrew Shaw.
2:30 of 3rd period - Shot Misses the Net.
3:01 of 3rd period - Icing by Bryan Rust.
3:02 of 3rd period - Pierre-Luc Dubois wins face-off versus Eric Staal in Maroons zone.
3:12 of 3rd period - Off-side.
3:13 of 3rd period - Matthew Tkachuk wins face-off versus Eric Staal in neutral zone.
3:26 of 3rd period - Slapshot by Matthew Tkachuk.
3:26 of 3rd period - Shot Misses the Net.
3:32 of 3rd period - Matthew Tkachuk is hit by Derek Forbort and loses puck.
4:30 of 3rd period - Snap shot by Vladislav Namestnikov.
4:30 of 3rd period - Deflect By Carl Gunnarsson.
4:30 of 3rd period - Shot Blocked by Carl Gunnarsson.
4:30 of 3rd period - Puck is out of play.
4:31 of 3rd period - Yanni Gourde wins face-off versus Jay Beagle in Maroons zone.
4:42 of 3rd period - Snap shot by Andrew Shaw.
4:42 of 3rd period - Stopped by Cam Ward with a rebound.
4:44 of 3rd period - Slapshot by Gavin Bayreuther.
4:44 of 3rd period - Deflect By Bo Horvat.
4:44 of 3rd period - Stopped by Cam Ward with a rebound.
4:46 of 3rd period - Slapshot by Brandon Davidson.
4:46 of 3rd period - Deflect By Andrew Shaw.
4:46 of 3rd period - Shot Misses the Net.
4:46 of 3rd period - Puck is out of play.
4:47 of 3rd period - Pierre-Luc Dubois wins face-off versus Eric Staal in Maroons zone.
6:00 of 3rd period - Slapshot by Brock McGinn.
6:00 of 3rd period - Shot Blocked by Esa Lindell.
6:02 of 3rd period - Slapshot by Braydon Coburn.
6:02 of 3rd period - Stopped by Cam Ward without a rebound.
6:03 of 3rd period - Bo Horvat wins face-off versus Eric Staal in Maroons zone.
6:15 of 3rd period - Snap shot by Eric Staal.
6:15 of 3rd period - Stopped by Cam Ward with a rebound.
6:17 of 3rd period - Slapshot by Zach Parise.
6:17 of 3rd period - Stopped by Cam Ward without a rebound.
6:18 of 3rd period - Bryan Rust wins face-off versus Mikael Backlund in Maroons zone.
6:31 of 3rd period - Wrist shot by Pierre-Luc Dubois.
6:31 of 3rd period - Shot Misses the Net.
6:33 of 3rd period - Slapshot by Esa Lindell.
6:33 of 3rd period - Stopped by Frederik Andersen without a rebound.
6:34 of 3rd period - Zach Parise wins face-off versus Bo Horvat in Blackhawks zone.
7:01 of 3rd period - Charlie Coyle is hit by Niklas Hjalmarsson and loses puck.
7:28 of 3rd period - Snap shot by Andrew Shaw.
7:28 of 3rd period - Goal by Andrew Shaw - Blackhawks : 3 - Maroons : 1.
7:29 of 3rd period - Bo Horvat wins face-off versus Eric Staal in neutral zone.
7:32 of 3rd period - Andy Greene is hit by Matthew Tkachuk and loses puck.
7:39 of 3rd period - Snap shot by Matthew Tkachuk.
7:39 of 3rd period - Shot Blocked by Andy Greene.
7:41 of 3rd period - Snap shot by Brendan Gallagher.
7:41 of 3rd period - Shot Misses the Net.
7:43 of 3rd period - Snap shot by Brendan Gallagher.
7:43 of 3rd period - Shot Misses the Net.
7:45 of 3rd period - Snap shot by Brendan Gallagher.
7:45 of 3rd period - Shot Misses the Net.
8:24 of 3rd period - Snap shot by Yanni Gourde.
8:24 of 3rd period - Deflect By Andrew Shaw.
8:24 of 3rd period - Stopped by Cam Ward with a rebound.
8:26 of 3rd period - Slapshot by Braydon Coburn.
8:26 of 3rd period - Deflect By Andrew Shaw.
8:26 of 3rd period - Deflect By Bo Horvat.
8:26 of 3rd period - Shot Misses the Net.
8:26 of 3rd period - Puck is out of play.
8:27 of 3rd period - Eric Staal wins face-off versus Pierre-Luc Dubois in Maroons zone.
8:36 of 3rd period - Wrist shot by Cam Atkinson.
8:36 of 3rd period - Stopped by Cam Ward with a rebound.
8:42 of 3rd period - Derek Forbort is hit by Charlie Coyle.
10:22 of 3rd period - Off-side.
10:23 of 3rd period - Pierre-Luc Dubois wins face-off versus Mikael Backlund in neutral zone.
10:39 of 3rd period - Snap shot by Mikael Backlund.
10:39 of 3rd period - Deflect By Brett Connolly.
10:39 of 3rd period - Stopped by Cam Ward without a rebound.
10:40 of 3rd period - Eric Staal wins face-off versus Brendan Gallagher in Maroons zone.
10:55 of 3rd period - Slapshot by Brendan Gallagher.
10:55 of 3rd period - Stopped by Frederik Andersen without a rebound.
10:56 of 3rd period - Mikael Backlund wins face-off versus Pierre-Luc Dubois in Blackhawks zone.
10:56 of 3rd period - Mikael Backlund is hit by Ryan McDonagh.
11:02 of 3rd period - Snap shot by Mikael Backlund.
11:02 of 3rd period - Stopped by Cam Ward with a rebound.
11:04 of 3rd period - Minor Penalty to Charlie Coyle for Hooking.
11:05 of 3rd period - Bo Horvat wins face-off versus Cam Atkinson in Maroons zone.
11:32 of 3rd period - Matthew Tkachuk is hit by Gavin Bayreuther.
11:46 of 3rd period - Wrist shot by Brendan Gallagher.
11:46 of 3rd period - Stopped by Frederik Andersen with a rebound.
11:50 of 3rd period - Wrist shot by Brendan Gallagher.
11:50 of 3rd period - Stopped by Frederik Andersen with a rebound.
11:52 of 3rd period - Wrist shot by Pierre-Luc Dubois.
11:52 of 3rd period - Stopped by Frederik Andersen without a rebound.
11:53 of 3rd period - Eric Staal wins face-off versus Bo Horvat in Blackhawks zone.
12:02 of 3rd period - Noah Juulsen is hit by Cam Atkinson and loses puck.
13:04 of 3rd period - Penalty to Charlie Coyle is over, Charlie Coyle is back on ice.
13:27 of 3rd period - Minor Penalty to Andrew Shaw for Holding.
13:28 of 3rd period - Bo Horvat wins face-off versus Alex Steen in Blackhawks zone.
13:33 of 3rd period - Slapshot by Brendan Gallagher.
13:33 of 3rd period - Shot Misses the Net.
14:28 of 3rd period - Esa Lindell is hit by Yanni Gourde.
15:27 of 3rd period - Penalty to Andrew Shaw is over, Andrew Shaw is back on ice.
17:17 of 3rd period - Icing by Carl Hagelin.
17:18 of 3rd period - Bo Horvat wins face-off versus Eric Staal in Blackhawks zone.
17:35 of 3rd period - Snap shot by Cam Atkinson.
17:35 of 3rd period - Stopped by Cam Ward without a rebound.
17:36 of 3rd period - Alex Steen wins face-off versus Pierre-Luc Dubois in Maroons zone.
18:37 of 3rd period - Bryan Rust is hit by Tyler Bertuzzi and loses puck.
19:02 of 3rd period - Slapshot by Brenden Dillon.
19:02 of 3rd period - Deflect By Zach Parise.
19:02 of 3rd period - Stopped by Frederik Andersen without a rebound.
19:03 of 3rd period - Eric Staal wins face-off versus Matthew Tkachuk in Blackhawks zone.
Goals for this period are 1 for Blackhawks vs 0 for Maroons.
Shots for this period are 11 for Blackhawks vs 8 for Maroons.